 Dungeon Crawl Stone Soup version 0.28.0-62-gf88900778d (webtiles) character file.

Game seed: 1353654701271698461

227 cbfl8 the Covered (level 5, -7/46 HPs)
             Began as a Minotaur Fighter on May 10, 2023.
             Mangled by a two-headed ogre
             ... wielding a +0 giant club
              (24 damage)
             ... on level 4 of the Dungeon.
             The game lasted 00:03:42 (3960 turns).

cbfl8 the Covered (Minotaur Fighter)                Turns: 3960, Time: 00:03:43

Health: -7/46      AC: 10    Str: 20    XL:     5   Next: 70%
Magic:  4/4        EV:  9    Int:  5    God:
Gold:   156        SH: 10    Dex: 12    Spells: 4/4 levels left

rFire   . . .      SeeInvis +   a - +0 war axe
rCold   . . .      Faith    .   c - +0 buckler
rNeg    . . .      Spirit   .   b - +0 scale mail
rPois   +          Reflect  +   (helmet restricted)
rElec   .          Harm     .   (no cloak)
rCorr   .          Rampage  .   j - +0 pair of gloves
Will    .....                   y - +1 pair of boots
Stlth   ..........              w - amulet of reflection
HPRegen 0.15/turn               h - ring of poison resistance
MPRegen 0.09/turn               g - ring of see invisible

@: no status effects
A: horns 2, retaliatory headbutt
a: no special abilities


You were on level 4 of the Dungeon.
You visited 1 branch of the dungeon, and saw 4 of its levels.

You collected 156 gold pieces.

Inventory:

Hand Weapons
 a - a +0 war axe (weapon)
Armour
 b - a +0 scale mail (worn)
 c - a +0 buckler (worn)
 j - a +0 pair of gloves (worn)
 y - a +1 pair of boots (worn)
Jewellery
 g - a ring of see invisible (right hand)
 h - a ring of poison resistance (left hand)
 w - an amulet of reflection (around neck)
Wands
 l - a wand of iceblast (6) (quivered)
Scrolls
 e - a scroll of holy word {unknown}
 f - 5 scrolls of identify {unknown}
 i - a scroll of silence {unknown}
 k - a scroll of noise {unknown}
 o - 2 scrolls of fog {unknown}
 q - a scroll of enchant armour {unknown}
 r - a scroll of fear {unknown}
 s - a scroll of brand weapon {unknown}
 t - a scroll of teleportation {unknown}
 u - a scroll of vulnerability {unknown}
Potions
 d - a potion of might
 m - 2 potions of heal wounds {unknown}
 n - a potion of ambrosia {unknown}
 p - a potion of curing {unknown}
 v - a potion of invisibility {unknown}
 x - a potion of attraction {unknown}


   Skills:
 + Level 4.2 Fighting
 * Level 4.2(4.4) Axes
 + Level 1.6(3.2) Maces & Flails
 + Level 4.6 Armour
 + Level 1.3 Dodging
 + Level 4.1 Shields
 * Level 2.0 Evocations


You had 4 spell levels left.
You didn't know any spells.
Your spell library contained the following spells:

 Spells                   Type           Power      Damage    Failure   Level
 Magic Dart               Conj           0%         1d3       88%         1
 Summon Small Mammal      Summ           0%         N/A       88%         1
 Call Imp                 Summ           0%         N/A       96%         2
 Call Canine Familiar     Summ           0%         N/A       99%         3
 Mephitic Cloud           Conj/Pois/Air  0%         N/A       99%         3
 Summon Guardian Golem    Hex/Summ       0%         N/A       99%         3


Dungeon Overview and Level Annotations

Branches:
Dungeon (4/15)
 Temple: D:4-7

Altars:


Innate Abilities, Weirdness & Mutations

You have a pair of horns on your head.
You reflexively headbutt those who attack you in melee.


Message History

The hobgoblin hits you but does no damage.
A hobgoblin is nearby!
You slash the hobgoblin!
You kill the hobgoblin!
The orc throws a boomerang.
You reflect the boomerang off an invisible shield around you!
The boomerang barely misses the orc.
An orc is nearby!
A two-headed ogre comes into view.
It is wielding a +0 giant club and a +0 giant spiked club.
You see here a murky dark potion.
There are monsters nearby!
You closely miss the orc. Your headbutt misses the orc.
The orc hits you but does no damage.
There are monsters nearby!
You slash the orc!
You kill the orc!
A two-headed ogre is nearby!
Things that are here:
a +0 club; a boomerang A two-headed ogre is nearby!
Things that are here:
a +0 club; a boomerang You see here a murky dark potion.
Aiming: Iceblast
Press: ? - help, Q - select action Shift-Dir - straight line The mass of ice explodes!
The iceblast engulfs the two-headed ogre!
The two-headed ogre is lightly wounded.
You hear a bark!
The two-headed ogre hits you with a +0 giant club!
The two-headed ogre hits you with a +0 giant spiked club!
Aiming: Iceblast
Press: ? - help, Q - select action Shift-Dir - straight line The mass of ice explodes!
The iceblast engulfs the two-headed ogre!
The two-headed ogre is heavily wounded.
You block the two-headed ogre's attack.
The two-headed ogre hits you with a +0 giant spiked club!!
Ouch! That really hurt!
You die...

.. ..## #...## ##.. ...
...#####...## #... ....
#...##.#....###... ....#
#................#
.....##........#.......#
#.....##.....###......
#....##......##.....
#..O.###......##...#
...#..@####......######
.........#........#
........†..........#
##.................#
##................#
#######.........##
##......### #......#
##.#..##


You could see a two-headed ogre.

Vanquished Creatures
  An orc priest (D:3)
  A hound (D:4)
  An iguana (D:3)
  6 adders
  A white imp (D:4)
  2 worms (D:3)
  A dart slug (D:1)
  6 orcs
  8 bats
  9 endoplasms
  3 giant cockroaches
  7 goblins
  4 hobgoblins
  6 kobolds
  2 quokkas
  8 ball pythons
  2 frilled lizards
  4 rats
72 creatures vanquished.

Notes
Turn   | Place    | Note
-------+----------+-------------------------------------------
     0 | D:1      | cbfl8 the Minotaur Fighter began the quest for the Orb.
     0 | D:1      | Reached XP level 1. HP: 19/19 MP: 0/0
   192 | D:1      | Reached XP level 2. HP: 5/27 MP: 1/1
  1316 | D:2      | Reached XP level 3. HP: 28/33 MP: 2/2
  1779 | D:2      | You fall into a shaft and drop 2 floors!
  1840 | D:4      | Reached skill level 1 in Evocations
  1840 | D:4      | Reached XP level 4. HP: 28/40 MP: 3/3
  1845 | D:4      | Noticed a phantom
  2205 | D:2      | Reached skill level 1 in Dodging
  2584 | D:3      | Reached skill level 1 in Maces & Flails
  2687 | D:3      | Reached XP level 5. HP: 16/46 MP: 4/4
  3952 | D:4      | Noticed a two-headed ogre
  3960 | D:4      | Mangled by a two-headed ogre

Illustrated notes

Levels and vault maps discovered:
D:1:      dpeg_arrival_rooms_with_view, layout_basic, serial_bayou_pond_c,
          st_stairs_14, minmay_curled_crystal, minmay_misc_feat_cross
D:2:      minmay_wonky_spiral, layout_basic, grunt_ministairs_12,
          hangedman_abyss_or_decor_lesser_grid
D:3:      layout_basic, grunt_ministairs_9, kennysheep_another_room,
          minmay_fractal_squares_diagonal_5
D:4:      layout_cave_pools, temple_fountains, kennysheep_generic_room_8

Skill      XL: |  1  2  3  4  5 |
---------------+----------------+-----
Shields        | 4 |  4.1
Fighting       | 4 |  4.2
Armour         | 4 |  4.6
Axes           | 3 4 |  4.2
Evocations     | 1 2 |  2.0
Dodging        | 1 |  1.3
Maces & Flails | 1 |  1.6

Action                   |  1- 3 |  4- 6 || total
-------------------------+-------+-------++-------
Melee: War axe           |    13 |    38 ||    51
       Whip              |    62 |    60 ||   122
       Headbutt          |     9 |    16 ||    25
Evoke: Wand              |       |     2 ||     2
  Use: Potion            |     1 |       ||     1
Armor: Scale mail        |    43 |    44 ||    87
Dodge: Dodged            |    30 |    51 ||    81
Block: Buckler           |    18 |    22 ||    40
       Reflection        |       |     1 ||     1
